 Dungeon Crawl Stone Soup version 0.32-a0-290-g598725c5f2 (webtiles) character file.

Game seed: 17483071473724276901

7987 Atlas the Thaumaturge (level 11, 0/70 HPs)
             Began as a Demonspawn Fire Elementalist on Feb 14, 2024.
             Was a Priest of Vehumet.
             Slain by an orc knight
             ... wielding a +0 halberd
              (23 damage)
             ... in a bailey.
             The game lasted 00:16:45 (11064 turns).

Atlas the Thaumaturge (DsFE)                       Turns: 11064, Time: 00:16:45

Health: 0/70       AC: 20    Str:  9    XL:     11   Next: 4%
Magic:  15/25      EV: 11    Int: 25    God:    Vehumet [***...]
Gold:   354        SH:  4    Dex: 14    Spells: 14/30 levels left

rFire   . . .        x - +2 flail (heavy)
rCold   . . .        m - +0 buckler
rNeg    + . .        s - +0 acid dragon scales
rPois   .            (no helmet)
rElec   .            l - +0 cloak
rCorr   +            (no gloves)
SInv    .            z - +2 pair of boots
Will    .....        C - amulet of regeneration
Stlth   ++           F - +6 ring of intelligence
HPRegen 1.11/turn    b - ring of positive energy
MPRegen 0.19/turn

%: no passive effects
@: sanguine armoured, very slightly contaminated, studying Conjurations
A: foul stench 1, powered by death 1, sanguine armour 2, demonic touch 1
a: Renounce Religion


You were in a bailey.
You worshipped Vehumet.
Vehumet was most pleased with you.
You visited 2 branches of the dungeon, and saw 9 of its levels.
You also visited: Bailey.

You collected 508 gold pieces.
You spent 154 gold pieces at shops.

Inventory:

Hand Weapons
 x - a +2 heavy flail (weapon)
 G - the +4 executioner's axe "Poiblol" {elec, Str+2}
   (You found it in a bailey)

   Str+2:     It affects your strength (+2).
Armour
 l - a +0 cloak (worn)
 m - a +0 buckler (worn)
 s - +0 acid dragon scales (worn)
 z - a +2 pair of boots (worn)
Jewellery
 b - a ring of positive energy (right hand)
 h - a ring of resist corrosion
 C - an amulet of regeneration (around neck)
 F - a +6 ring of intelligence (left hand)
Wands
 j - a wand of quicksilver (4)
 n - a wand of mindburst (12)
 v - a wand of polymorph (11)
 B - a wand of iceblast (9)
 E - a wand of paralysis (7)
Scrolls
 a - 2 scrolls of immolation
 c - 4 scrolls of blinking
 d - 2 scrolls of poison
 f - 3 scrolls of identify
 p - 2 scrolls of enchant armour
 q - 2 scrolls of vulnerability
 t - a scroll of noise
 u - 6 scrolls of teleportation
 w - 2 scrolls of enchant weapon
 y - a scroll of fog
 D - a scroll of revelation
Potions
 e - a potion of curing
 g - 2 potions of attraction
 i - 2 potions of degeneration
 k - a potion of mutation
 o - 2 potions of might
 r - a potion of cancellation {unknown}
 A - a potion of lignification {unknown}


   Skills:
 + Level 1.0 Fighting
 + Level 1.8 Maces & Flails
 + Level 3.3 Armour
 + Level 3.4 Dodging
 + Level 2.9 Stealth
 + Level 1.7 Shields
 + Level 0.1 Unarmed Combat
 + Level 10.4 Spellcasting
 + Level 8.0 Conjurations
 + Level 9.3 Fire Magic
 + Level 0.1 Earth Magic


You had 14 spell levels left.
You knew the following spells:

 Your Spells              Type           Power      Damage    Failure   Level
a - Scorch                Fire           100%       2d9       1%          2
b - Foxfire               Conj/Fire      100%       2x1d9     1%          1
c - Flame Wave            Conj/Fire      54%        2d13      1%          4
d - Starburst             Conj/Fire      27%        6d9       13%         6
e - Passwall              Erth           13%        N/A       34%         3

Your spell library contained the following spells:

 Spells                   Type           Power      Damage    Failure   Level
 Airstrike                Air            6%         2d(1-17)  28%         4
 Kiss of Death            Conj/Necr      100%       2d13      1%          1
 Dazzling Flash           Conj/Hex       66%        N/A       1%          3
 Inner Flame              Hex/Fire       36%        N/A       1%          3
 Stone Arrow              Conj/Erth      66%        3d11      1%          3
 Volatile Blastmotes      Fire/Tloc      72%        2d16      1%          3
 Sandblast                Erth           26%        2d8       3%          1
 Brom's Barrelling Bould  Conj/Erth      33%        2d5       6%          4
 Apportation              Tloc           26%        N/A       12%         1
 Call Canine Familiar     Summ           13%        N/A       34%         3
 Sigil of Binding         Hex            13%        N/A       34%         3
 Swiftness                Air            13%        N/A       34%         3
 Plasma Beam              Fire/Air       18%        2x1d29    54%         6
 Dimensional Bullseye     Hex/Tloc       6%         N/A       75%         4
 Passage of Golubria      Tloc           13%        N/A       75%         4
 Silence                  Hex/Air        6%         N/A       97%         5
 Sculpt Simulacrum        Ice/Alch       6%         N/A       100%        6
 Ozocubu's Refrigeration  Ice            6%         4d8       100%        7
 Lehudib's Crystal Spear  Conj/Erth      16%        10d5      100%        8
 Maxwell's Capacitive Co  Air            6%         ∞         100%        8
 Polar Vortex             Ice            6%         N/A       100%        9


Dungeon Overview and Level Annotations

Branches:
Dungeon (8/15)             Temple (1/1) D:6          Bailey (1/1)
   Lair: D:8-11

Altars:
Ashenzari
Cheibriados
Dithmenos
Fedhas
Gozag
Hepliaklqana
Kikubaaqudgha
Makhleb
Nemelex Xobeh
Okawaru
Qazlal
Ru
Sif Muna
Trog
Uskayaw
Vehumet
Wu Jian
Xom
Yredelemnul

Shops:
D:4 (   D:5 ?

Annotations:
D:4 1 runed translucent door, bakla's ghost, amateur HuEE


Innate Abilities, Weirdness & Mutations

You may rarely emit foul miasma when damaged in melee.
You regenerate a little health from kills.
When seriously injured, your blood forms thick armour. (AC +9)
Your touch may inflict minor irresistible damage on your foes.


Message History

The orc warrior is severely wounded.
The bolt of fire hits the orc knight!!
The orc knight is heavily wounded.
The bolt of fire hits the orc warrior!!
You kill the orc warrior!
Vehumet accepts your kill.
The orc warrior hits you from afar with a +0 halberd!
Unknown command.
Unknown command.
The orc warrior attacks as it pursues you!
The orc warrior barely misses you.
Casting: Starburst (quite dangerous; 13% risk of failure)
Confirm with . or Enter, or press ? or * to list all spells.
Okay, then.
The orc warrior hits you from afar with a +0 halberd!!
Your blood congeals into armour.
You block the orc knight's attack. The orc warrior barely misses you.
The orc warrior attacks as it pursues you!
The orc warrior barely misses you.
The orc knight attacks as it pursues you!
The orc knight hits you from afar with a +0 halberd!
Casting: Starburst (quite dangerous; 13% risk of failure)
Confirm with . or Enter, or press ? or * to list all spells.
Casting: Starburst (quite dangerous; 13% risk of failure)
Press: ? - help, Dir - look around, f - activate You miscast Starburst.
You are very lightly contaminated with residual magic.
Nothing appears to happen.
The orc knight hits you but does no damage.
Unknown command.
Unknown command.
The orc knight attacks as it pursues you!
The orc knight hits you from afar with a +0 halberd!!
* * * LOW HITPOINT WARNING * * *
Casting: Starburst (quite dangerous; 13% risk of failure)
Confirm with . or Enter, or press ? or * to list all spells.
Okay, then.
You feel better.
The orc knight hits you from afar with a +0 halberd!!
You die...

#.....≈##.##≈...............≈##.
#.....≈#........................
#.....≈##.∩#≈.).............≈#∩.
#.....≈≈#.##≈.)))..###......≈##.
#......≈≈.≈≈≈...#########...≈≈≈)
#..............##.......##......
#.............##..#'#'#..##.....
#.............#..##)#)##..#.....
#............##@#########.##....
#............##.'.#?.)#)'.##....
#............##o###._.###.##....
#............##oo)#.).#)'.##....
#............##.####'####.##....
#.............#..##∩o∩##..##....
#.............##..#'''##........
#..............##.....##........
#......≈≈.≈≈≈...##....##....≈≈≈.


You could see 2 orc knights and an orc warrior (strong).

Vanquished Creatures
  Joseph (D:7)
  A troll (D:7)
  A hornet (D:8)
  A slime creature (D:7)
  7 yaks
  Sigmund (D:4)
  A wyvern (D:6)
  A wraith (D:7)
  A vampire mosquito (D:7)
  A steam dragon (D:7)
  Edmund (D:4)
  2 water moccasins (D:7)
  3 acid dragons
  Duvessa (D:5)
  2 ice beasts
  10 orc warriors
  3 black bears
  3 sky beasts
  2 ogres (D:4)
  A centaur (D:7)
  2 phantoms
  3 kobold brigands
  5 scorpions
  A gnoll sergeant (D:8)
  A wight (D:8)
  A burial acolyte (D:6)
  Dowan (D:5)
  6 killer bees (D:7)
  A bombardier beetle (D:5)
  A howler monkey (D:7)
  A crimson imp (D:6)
  5 hounds
  Crazy Yiuf (D:2)
  A gnoll bouda (D:4)
  7 orc priests
  A sleepcap (D:8)
  Ijyb (D:5)
  Natasha (thrice) (D:4)
  7 iguanas
  8 orc wizards
  A hound zombie (D:6)
  12 gnolls
  3 adders
  3 shadow imps (D:6)
  2 white imps (D:7)
  2 adder zombies (D:6)
  2 ribbon worms
  47 orcs
  9 ball pythons
  3 bats
  7 endoplasms
  2 giant cockroaches (D:2)
  2 gnoll zombies (D:6)
  4 goblins
  9 hobgoblins
  8 jackals
  20 kobolds
  5 quokkas
  5 frilled lizards
  2 kobold zombies (D:6)
  3 rats
252 creatures vanquished.

Vanquished Creatures (others)
  594 foxfires
594 creatures vanquished.

Grand Total: 846 creatures vanquished

Notes
Turn   | Place    | Note
-------+----------+-------------------------------------------
     0 | D:1      | Atlas the Demonspawn Fire Elementalist began the quest for
                  | the Orb.
     0 | D:1      | Reached XP level 1. HP: 13/13 MP: 3/3
   145 | D:1      | Gained mutation: When seriously injured, your blood forms
                  | armour. (AC +9) [demonic ancestry]
   145 | D:1      | Reached XP level 2. HP: 15/19 MP: 0/5
   550 | D:1      | Reached XP level 3. HP: 24/24 MP: 2/6
  1278 | D:2      | Identified the +3 robe "Limou" {Fly Str+3}
  1332 | D:2      | Gained mutation: When seriously injured, your blood forms
                  | thick armour. (AC +9) [demonic ancestry]
  1332 | D:2      | Reached XP level 4. HP: 30/30 MP: 5/8
  1447 | D:2      | Found a shimmering altar of Xom.
  1613 | D:2      | Learned a level 2 spell: Scorch
  1655 | D:2      | Reached skill level 3 in Spellcasting
  1681 | D:2      | Found a runed translucent door.
  1682 | D:2      | Noticed Crazy Yiuf
  2015 | D:2      | Killed Crazy Yiuf
  2387 | D:3      | Gained mutation: You regenerate a little health from kills.
                  | [demonic ancestry]
  2387 | D:3      | Reached XP level 5. HP: 35/35 MP: 1/9
  3029 | D:4      | Found a runed translucent door.
  3032 | D:4      | Noticed bakla's ghost (amateur HuEE)
  3169 | D:4      | Noticed Natasha
  3173 | D:4      | Noticed an ogre
  3209 | D:4      | Learned a level 4 spell: Flame Wave
  3254 | D:4      | Found a sparkling altar of Nemelex Xobeh.
  3477 | D:4      | Noticed Sigmund
  3484 | D:4      | Killed Sigmund
  3485 | D:4      | Reached skill level 4 in Spellcasting
  3485 | D:4      | Reached XP level 6. HP: 42/42 MP: 3/12
  3670 | D:4      | Killed Natasha
  3799 | D:4      | Reached XP level 7. HP: 47/47 MP: 4/13
  3983 | D:4      | Noticed Edmund
  4008 | D:4      | Killed Edmund
  4009 | D:4      | Reached skill level 5 in Spellcasting
  4009 | D:4      | Reached skill level 5 in Fire Magic
  4417 | D:4      | Noticed Natasha
  4422 | D:4      | Killed Natasha
  4533 | D:4      | Noticed Natasha
  4539 | D:4      | Killed Natasha
  4586 | D:4      | Found Dedefam's Weapon Shoppe.
  5038 | D:5      | Entered Level 5 of the Dungeon
  5038 | D:5      | Found Istuke's Magic Scroll Shop.
  5044 | D:5      | Gained mutation: Your touch may inflict minor irresistible
                  | damage on your foes. [demonic ancestry]
  5044 | D:5      | Reached XP level 8. HP: 53/53 MP: 8/16
  5111 | D:5      | Bought 3 scrolls of teleportation for 126 gold pieces
  5111 | D:5      | Bought a scroll of identify for 28 gold pieces
  5136 | D:5      | Reached skill level 6 in Spellcasting
  5136 | D:5      | Reached skill level 5 in Conjurations
  5335 | D:5      | Noticed Ijyb
  5617 | D:5      | Killed Ijyb
  5696 | D:5      | Found a snail-covered altar of Cheibriados.
  5989 | D:4      | Reached skill level 1 in Armour
  6153 | D:5      | Noticed Duvessa
  6155 | D:5      | Noticed Dowan
  6175 | D:5      | Killed Duvessa
  6234 | D:5      | Killed Dowan
  6333 | D:5      | Reached skill level 7 in Spellcasting
  6709 | D:6      | Found a broken altar of Ashenzari.
  6715 | D:6      | Reached XP level 9. HP: 58/58 MP: 13/19
  6860 | D:6      | Found a hide-covered altar of Uskayaw.
  6907 | D:6      | Found an ancient bone altar of Kikubaaqudgha.
  7110 | D:6      | Found a staircase to the Ecumenical Temple.
  7117 | Temple   | Entered the Ecumenical Temple
  7141 | Temple   | Became a worshipper of Vehumet
  7335 | D:6      | Reached skill level 1 in Shields
  7462 | D:6      | Got Zeygiace's Cyclopedia of the Door and the Nimbus
  7528 | D:6      | Found a burning altar of Makhleb.
  7540 | D:6      | Reached skill level 8 in Spellcasting
  7707 | D:6      | Reached * piety under Vehumet
  7707 | D:6      | Offered knowledge of Magic Dart by Vehumet.
  8001 | D:6      | Learned a level 6 spell: Starburst
  8137 | D:7      | Reached skill level 1 in Maces & Flails
  8591 | D:7      | Noticed a troll
  8598 | D:7      | Killed a troll
  8599 | D:7      | Reached XP level 10. HP: 64/64 MP: 12/22
  8873 | D:7      | Reached skill level 9 in Spellcasting
  8934 | D:7      | Found an iron altar of Okawaru.
  9075 | D:7      | Reached ** piety under Vehumet
  9188 | D:7      | Offered knowledge of Sandblast by Vehumet.
  9604 | D:7      | Found a shimmering blue altar of Sif Muna.
  9702 | D:7      | Identified the +3 chain mail of Negation {-Cast Harm Fly}
  9840 | D:7      | Learned a level 3 spell: Passwall
  9845 | D:7      | Got Sif Muna's Omnibus of the Cemetery
 10048 | D:7      | Noticed Joseph
 10060 | D:7      | Killed Joseph
 10061 | D:7      | Reached skill level 1 in Fighting
 10212 | D:8      | Found a shadowy altar of Dithmenos.
 10243 | D:8      | Offered knowledge of Hailstorm by Vehumet.
 10260 | D:8      | Reached skill level 10 in Spellcasting
 10432 | D:8      | Found a flagged portal.
 10441 | Bailey   | Entered a bailey
 10565 | Bailey   | Reached *** piety under Vehumet
 10881 | Bailey   | Gained mutation: You may rarely emit foul miasma when
                  | damaged in melee. [demonic ancestry]
 10881 | Bailey   | Reached XP level 11. HP: 50/70 MP: 22/25
 11017 | Bailey   | Offered knowledge of Airstrike by Vehumet.
 11047 | Bailey   | Identified the +4 executioner's axe "Poiblol" {elec, Str+2}
 11049 | Bailey   | Found a roughly hewn altar of Beogh.
 11049 | Bailey   | Noticed an orc knight
 11049 | Bailey   | Noticed an orc knight
 11064 | Bailey   | Slain by an orc knight

Illustrated notes

Levels and vault maps discovered:
D:1:      elethiomel_arrival_shortcut, layout_basic
D:2:      layout_rooms, basic_altar, chequers_serial_rivers_small_b,
          uniq_crazy_yiuf_cottage
D:3:      minmay_spotlight, layout_loops_ring
D:4:      layout_layer_cave, amethyst_overflow_temple_binary, serial_shops,
          kennysheep_mini, ebering_ghost_reflecting_pool, uniq_sigmund,
          uniq_edmund, uniq_natasha
D:5:      layout_rooms, slow_altar_2, serial_shops, nicolae_shop_waterfront,
          dreamdust_princess_bridge, uniq_duvessa, uniq_ijyb
D:6:      layout_loops_cross, evilmike_ruin_ashenzari, makhleb_grotto_becter,
          mainiacjoe_overflow_small_starburst,
          regret_index_kikubaaqudgha_part_by_part, minmay_temple_entry_ruins
D:7:      minmay_the_grid_plus [minmay_the_grid_tree,
          minmay_the_grid_diamond_grid, minmay_the_grid_holed_spiral,
          minmay_the_grid_odd_star, minmay_the_grid_prize_trominoes],
          layout_gridville, nicolae_sif_muna_little_library,
          mainiacjoe_overflow_chevrons, uniq_joseph
D:8:      layout_layer_cave, grunt_dithmenos_smoke, enter_bailey_8,
          minmay_diced_spiral
Temple:   minmay_temple_forest_path
Bailey:   bailey_polearm_2, bailey

Skill      XL: |  1  2  3  4  5  6  7  8  9 10 |
---------------+-------------------------------+-----
Fire Magic     | 3 4 5 7 8 9 |  9.3
Dodging        | 2 3 |  3.4
Stealth        | 2 |  2.9
Spellcasting   | 3 4 5 7 8 10 | 10.4
Conjurations   | 2 3 4 5 6 8 |  8.0
Armour         | 1 2 3 |  3.3
Shields        | 1 |  1.7
Maces & Flails | 1 |  1.8
Fighting       | 1 |  1.0
Unarmed Combat | |  0.1
Earth Magic    | |  0.1

Action                     |  1- 3 |  4- 6 |  7- 9 | 10-12 || total
---------------------------+-------+-------+-------+-------++-------
  Melee: Unarmed           |     7 |       |       |       ||     7
         Flail             |       |       |    28 |     5 ||    33
   Cast: Foxfire           |    72 |    97 |   179 |   123 ||   471
         Scorch            |       |    22 |    99 |    56 ||   177
         Flame Wave        |       |       |     6 |     6 ||    12
         Passwall          |       |       |       |     2 ||     2
         Starburst         |       |       |       |     1 ||     1
    Use: Potion            |       |     3 |       |     1 ||     4
         Scroll            |       |     2 |     8 |     6 ||    16
   Stab: Sleeping          |       |       |       |     1 ||     1
 Armour: Robe              |     9 |    15 |     3 |       ||    27
         Acid dragon scale |       |       |    79 |    70 ||   149
         Skin              |       |       |     1 |       ||     1
  Dodge: Dodged            |    19 |    13 |    60 |    40 ||   132
  Block: Buckler           |       |     6 |    19 |    10 ||    35

Table legend: (Time is in decaauts)
 A = Elapsed time spent in this place.
 B = Non-inter-level travel time spent in this place.
 C = Inter-level travel time spent in this place.
 D = Time resting spent in this place.
 E = Time spent auto-exploring this place.
 F = Levels seen in this place.
 G = Mean time per level.
                   A        B        C        D        E       F      G
               +--------+--------+--------+--------+--------+-----+--------+
         Total |  11101 |  10736 |    365 |    635 |   8420 |  10 | 1110.1 |
       Dungeon |  10427 |  10104 |    323 |    581 |   7979 |   8 | 1303.4 |
        Temple |     48 |      6 |     42 |      0 |      0 |   1 |   48.0 |
        Bailey |    625 |    625 |      0 |     54 |    441 |   1 |  625.0 |
               +--------+--------+--------+--------+--------+-----+--------+

Top non-repeatable levels by time:
     D:4: 2360 daAuts
     D:7: 2141 daAuts
     D:6: 1316 daAuts
     D:5: 1293 daAuts
     D:2: 1078 daAuts
     D:1: 1018 daAuts
     D:3: 931 daAuts
  Bailey: 625 daAuts
     D:8: 288 daAuts
  Temple: 48 daAuts
